 Dungeon Crawl Stone Soup version 0.29.1-15-g9cfb28693d (webtiles) character file.

Game seed: 15224673663346648267

32 Heoruswealwe the Conjurer (level 3, -5/19 HPs)
             Began as a Deep Elf Conjurer on Feb 22, 2023.
             Slain by Crazy Yiuf
             ... wielding a +3 quarterstaff of chaos
              (11 damage)
             ... on level 2 of the Dungeon.
             The game lasted 00:19:31 (1541 turns).

Heoruswealwe the Conjurer (Deep Elf Conjurer)       Turns: 1541, Time: 00:19:32

Health: -5/19      AC:  2    Str:  3 (4)  XL:     3   Next: 10%
Magic:  9/10       EV: 12    Int: 23 (24) God:
Gold:   56         SH:  0    Dex: 12 (13) Spells: 7/10 levels left

rFire   . . .      SeeInvis .   n - +2 short sword (holy)
rCold   . . .      Faith    .   (no shield)
rNeg    . . .      Spirit   .   a - +0 robe
rPois   .          Reflect  .   (no helmet)
rElec   .          Harm     .   (no cloak)
rCorr   .          Rampage  .   (no gloves)
Will    .....                   (no boots)
Stlth   ++........              (no amulet)
HPRegen 0.06/turn               (no ring)
MPRegen 0.12/turn               (no ring)

@: no status effects
A: no striking features
a: no special abilities


You were on level 2 of the Dungeon.
You visited 1 branch of the dungeon, and saw 2 of its levels.

You collected 56 gold pieces.

Inventory:

Hand Weapons
 e - a +0 dagger
 g - a +0 dagger
 l - a +0 dagger
 n - a +2 short sword of holy wrath (weapon)
Missiles
 d - a stone
Armour
 a - a +0 robe (worn)
Magical Staves
 f - a staff of air
Jewellery
 j - an amulet of guardian spirit
Scrolls
 c - a scroll of immolation {unknown}
 i - a scroll of teleportation
Potions
 b - a potion of magic
 h - a potion of lignification {unknown}
 k - a potion of brilliance


   Skills:
 - Level 2.4 Dodging
 - Level 2.4 Stealth
 + Level 4.1 Spellcasting
 + Level 5.0 Conjurations


You had 7 spell levels left.
You knew the following spells:

 Your Spells              Type           Power      Damage    Failure   Level
a - Magic Dart            Conj           100%       1d8       1%          1
b - Searing Ray           Conj           54%        2d6       1%          2

Your spell library contained the following spells:

 Spells                   Type           Power      Damage    Failure   Level
 Apportation              Tloc           8%         N/A       11%         1
 Necrotise                Necr           16%        1d4       11%         1
 Summon Small Mammal      Summ           16%        N/A       11%         1
 Dazzling Flash           Conj/Hex       32%        N/A       11%         3
 Fulminant Prism          Conj/Hex       8%         3d7       36%         4
 Hailstorm                Conj/Ice       16%        3d6       36%         4
 Iskenderun's Mystic Bla  Conj/Tloc      16%        2d5       36%         4
 Ice Form                 Ice/Tmut       4%         N/A       71%         4
 Simulacrum               Ice/Necr       2%         N/A       100%        6


Dungeon Overview and Level Annotations

Branches:
Dungeon (2/15)

Altars:
Nemelex Xobeh
Zin

Annotations:
D:2 Crazy Yiuf


Message History

The magic dart hits the goblin!
You kill the goblin!
A bat comes into view.
Things that are here:
a +0 dagger; a goblin corpse The magic dart hits the bat.
The bat is severely wounded.
The bat hits you.
The magic dart hits the bat.
You kill the bat!
l - a +0 dagger
There is an open door here.
There is an open door here.
You hit the fungus.
The fungus begins to die.
The fungus is lightly damaged.
You hit the fungus.
The fungus is lightly damaged.
You hit the fungus.
The fungus is lightly damaged.
You hit the fungus.
The fungus is lightly damaged.
You hit the fungus.
The fungus is lightly damaged.
A nearby fungus withers and dies.
Found a hammer.
Found a runed translucent door.
Crazy Yiuf shouts!
You open the door.
The magic dart hits Crazy Yiuf!
Crazy Yiuf is moderately wounded.
Crazy Yiuf says, "Crazy?
Crazy!?
PORCUPINE!"
You barely miss Crazy Yiuf.
Crazy Yiuf is moderately wounded.
Crazy Yiuf says, "Crazy?
Crazy!?
PORCUPINE!"
Crazy Yiuf hits you with a +3 quarterstaff of chaos!
Ouch! That really hurt!
You closely miss Crazy Yiuf.
Crazy Yiuf is moderately wounded.
Crazy Yiuf hits you with a +3 quarterstaff of chaos!
Ouch! That really hurt!
You die...

#........#.#..#.......#
#..#...#.#.#..#.#####.#
###.###........<..#
#...# #############
#.### #####.####
######### .†.†.....#
### ####.......#
#.######## #)..###
##..#..####.#
.........#
#...g@####......# #.#
#.#####..#
#...##..#......## #.#
.........# ###
###.#...### #.#
.#######.# ####### #.#
.......#.# ##### #.#
.#####.#.#
#############..†###.#
.#...# #.#
#...'...............#
.##..# #.#
#####................
.#...# #.#
#...........#####


You could see Crazy Yiuf.

Vanquished Creatures
  2 worms (D:2)
  An endoplasm (D:1)
  4 goblins
  2 hobgoblins
  3 kobolds
  A quokka (D:1)
  A ball python (D:2)
  5 bats
  3 frilled lizards
  3 rats (D:1)
25 creatures vanquished.

Vanquished Creatures (others)
  A fungus (D:2)
1 creature vanquished.

Grand Total: 26 creatures vanquished

Notes
Turn   | Place    | Note
-------+----------+-------------------------------------------
     0 | D:1      | Heoruswealwe the Deep Elf Conjurer began the quest for the
                  | Orb.
     0 | D:1      | Reached XP level 1. HP: 10/10 MP: 6/6
   129 | D:1      | Found a faded altar of an unknown god.
   137 | D:1      | Prayed at the altar of an unknown god.
   137 | D:1      | Became a worshipper of Zin the Law-Giver
   137 | D:1      | Reached * piety under Zin
   139 | D:1      | Fell from the grace of Zin
   444 | D:1      | Reached XP level 2. HP: 15/15 MP: 0/8
   963 | D:1      | Learned a level 2 spell: Searing Ray
  1323 | D:2      | Found a sparkling altar of Nemelex Xobeh.
  1374 | D:2      | Reached skill level 5 in Conjurations
  1374 | D:2      | Reached XP level 3. HP: 15/19 MP: 1/10
  1534 | D:2      | Found a runed translucent door.
  1535 | D:2      | Noticed Crazy Yiuf
  1541 | D:2      | Slain by Crazy Yiuf

Illustrated notes

Levels and vault maps discovered:
D:1:      psy_arrival_heroes, layout_basic, basic_ecumenical_altar
D:2:      layout_basic, serial_shops, nicolae_shop_competitors_out_of_business,
          basic_altar, serial_glass, glass_columns_c, glass_columns_b,
          uniq_sigmund, uniq_crazy_yiuf_cottage

Skill      XL: |  1  2 |
---------------+-------+-----
Spellcasting   | 4 |  4.1
Conjurations   | 5 |  5.0
Dodging        | |  2.4
Stealth        | |  2.4

Action                   || total
-------------------------++-------
Melee: Short sword       ||     8
 Cast: Magic Dart        ||    53
       Searing Ray       ||     1
Invok: Renounce Religion ||     1
  Use: Scroll            ||     5
       Potion            ||     4
